 Dungeon Crawl Stone Soup version 0.31-a0-977-gc230f8ef24 (webtiles) character file.

Game seed: 11459866578482203296

67 skwerlee the Shooter (level 4, -7/40 HPs)
             Began as a Kobold Hunter on Oct 29, 2023.
             Mangled by a gnoll
             ... wielding a +0 heavy flail
              (15 damage)
             ... on level 2 of the Dungeon.
             The game lasted 00:01:13 (973 turns).

skwerlee the Shooter (Kobold Hunter)                 Turns: 973, Time: 00:01:14

Health: -7/40      AC:  3    Str:  8    XL:     4   Next: 40%
Magic:  4/4        EV: 14    Int: 10    God:
Gold:   35         SH:  0    Dex: 20    Spells: 3/3 levels left

rFire   . . .        a - +0 shortbow
rCold   . . .        (shield currently unavailable)
rNeg    . . .        c - +0 leather armour
rPois   .            (no helmet)
rElec   .            (no cloak)
rCorr   .            (no gloves)
SInv    .            (no boots)
Will    +....        (no amulet) Stlth
                     (no ring)
HPRegen 0.26/turn    (no ring)
MPRegen 0.09/turn

%: no passive effects
@: berserking, enlightened, flying, very quick
A: small, no large weapons, nightstalker 3
a: no special abilities


You were on level 2 of the Dungeon.
You visited 1 branch of the dungeon, and saw 2 of its levels.

You collected 35 gold pieces.

Inventory:

Hand Weapons
 a - a +0 shortbow (weapon)
Armour
 c - a +0 leather armour (worn)
Scrolls
 b - a scroll of butterflies
 e - a scroll of immolation {unknown}
 g - 2 scrolls of identify {unknown}
 h - a scroll of torment {unknown}
 k - a scroll of blinking {unknown}
 m - a scroll of amnesia {unknown}
Potions
 d - a potion of brilliance {unknown}
 f - a potion of degeneration {unknown}
 j - a potion of enlightenment
 l - a potion of heal wounds {unknown}


   Skills:
 + Level 2.6 Fighting
 + Level 7.1 Ranged Weapons
 + Level 0.2 Armour
 - Level 2.4 Dodging
 - Level 1.3 Stealth


You had 3 spell levels left.
You didn't know any spells.
Your spell library was empty.

Dungeon Overview and Level Annotations

Branches:
Dungeon (2/15)

Altars:


Innate Abilities, Weirdness & Mutations

You are small and have problems with some larger weapons.
You are completely attuned to the shadows.


Message History

You shoot an arrow. The arrow hits the gnoll.
The gnoll is almost dead.
A bat comes into view.
The gnoll hits you with a +0 whip. The gnoll barely misses you.
The bat moves out of view.
There are monsters nearby!
You shoot an arrow. The arrow hits the gnoll.
You kill the gnoll!
The gnoll hits you with a +0 heavy flail!
Ouch! That really hurt!
* * * LOW HITPOINT WARNING * * *
The gnoll barely misses you.
Your Ranged Weapons skill increases to level 7!
You have reached level 4!
You shoot an arrow. The arrow hits the gnoll.
The gnoll is lightly wounded.
The gnoll barely misses you.
You shoot an arrow. The arrow hits the gnoll!
The gnoll is almost dead.
You shoot an arrow. The arrow hits the gnoll!
You kill the gnoll!
The bat hits you.
* * * LOW HITPOINT WARNING * * *
The gnoll closely misses you.
It was a potion of enlightenment.
You feel very buoyant.
You fly up into the air.
The bat closely misses you. The bat misses you. The gnoll barely misses you.
It was a potion of berserk rage.
A red film seems to cover your vision as you go berserk!
You feel yourself moving faster!
You feel mighty! The bat completely misses you. The bat closely misses you.
You are too berserk!
Unknown command.
Okay, then.
Okay, then.
You clumsily bash the gnoll but do no damage.
The bat closely misses you.
The gnoll hits you with a +0 heavy flail!
You die...

.8. ... ###### ##.##
...#.# #.).# ###.##..
##.## #
##.#...####..w####..
#.##........#)......
.#...####..###.g####.
##........).#...@....
...##..####..b####..#
.#####....##.## ## ##
#####..... .(.###
#..##


You could see a worm, a gnoll and a bat.

Vanquished Creatures
  3 gnolls (D:2)
  4 endoplasms (D:1)
  A giant cockroach (D:1)
  7 goblins
  3 hobgoblins
  5 quokkas (D:1)
  3 ball pythons
  4 bats
  A frilled lizard (D:1)
  A kobold (D:1)
  4 rats
36 creatures vanquished.

Notes
Turn   | Place    | Note
-------+----------+-------------------------------------------
     0 | D:1      | skwerlee the Kobold Hunter began the quest for the Orb.
     0 | D:1      | Reached XP level 1. HP: 12/12 MP: 1/1
    78 | D:1      | Reached XP level 2. HP: 18/18 MP: 2/2
   224 | D:1      | Reached skill level 6 in Ranged Weapons
   296 | D:1      | Reached XP level 3. HP: 22/22 MP: 3/3
   964 | D:2      | Reached skill level 7 in Ranged Weapons
   964 | D:2      | Reached XP level 4. HP: 4/27 MP: 4/4
   973 | D:2      | Mangled by a gnoll

Illustrated notes

Levels and vault maps discovered:
D:1:      mrwooster_arrival_statue, layout_basic
D:2:      wad_crossroads, layout_loops_ring, chequers_ecumenical_altar_twisty

Skill      XL: |  1  2  3 |
---------------+----------+-----
Ranged Weapons | 6 7 |  7.1
Fighting       | |  2.6
Armour         | |  0.2
Dodging        | |  2.4
Stealth        | |  1.3

Action                     |  1- 3 |  4- 6 || total
---------------------------+-------+-------++-------
  Melee: Shortbow          |       |     1 ||     1
   Fire: Shortbow          |    96 |     3 ||    99
    Use: Potion            |       |     2 ||     2
 Armour: Leather armour    |    18 |     2 ||    20
  Dodge: Dodged            |    38 |     8 ||    46

Table legend: (Time is in decaauts)
 A = Elapsed time spent in this place.
 B = Non-inter-level travel time spent in this place.
 C = Inter-level travel time spent in this place.
 D = Time resting spent in this place.
 E = Time spent auto-exploring this place.
 F = Levels seen in this place.
 G = Mean time per level.
                   A        B        C        D        E       F      G
               +--------+--------+--------+--------+--------+-----+--------+
         Total |    987 |    960 |     27 |      0 |    791 |   2 |  493.5 |
       Dungeon |    987 |    960 |     27 |      0 |    791 |   2 |  493.5 |
               +--------+--------+--------+--------+--------+-----+--------+

Top non-repeatable levels by time:
     D:1: 822 daAuts
     D:2: 165 daAuts
